 Dungeon Crawl Stone Soup version 0.28-a0-503-g83f2989fac (webtiles) character file.

Game seed: 16497942703062124729

88 kkln the Digger (level 4, 0/24 HPs)
             Began as a Gargoyle Earth Elementalist on Sept 20, 2021.
             Slain by Crazy Yiuf (3 damage)
             ... on level 3 of the Dungeon.
             The game lasted 00:05:31 (3141 turns).

kkln the Digger (Gargoyle Earth Elementalist)       Turns: 3141, Time: 00:05:32

Health: 0/24       AC:  6    Str: 11    XL:     4   Next: 54%
Magic:  5/8        EV: 16    Int: 17    God:
Gold:   119        SH:  0    Dex: 10    Spells: 5/9 levels left

rFire   . . .      SeeInvis .   d - +0 dagger
rCold   . . .      Faith    .   (no shield)
rNeg    + . .      Spirit   .   b - +1 robe
rPois   ∞          Reflect  .   (no helmet)
rElec   +          Harm     .   (no cloak)
rCorr   .          Rampage  .   (no gloves)
Will    .....                   (no boots)
Stlth   ++........              (no amulet)
HPRegen 0.08/turn               (no ring)
MPRegen 0.11/turn               (no ring)

@: agile
A: sickness immunity, AC +3, negative energy resistance 1, electricity
resistance, torment resistance 1, petrification resistance
a: no special abilities


You were on level 3 of the Dungeon.
You visited 1 branch of the dungeon, and saw 3 of its levels.

You collected 119 gold pieces.

Inventory:

Hand Weapons
 d - a +0 dagger (weapon)
 e - a +0 flail
Missiles
 c - 79 stones
Armour
 b - a +1 robe (worn)
Jewellery
 a - a ring of flight
Scrolls
 f - a scroll of teleportation
Potions
 h - a potion of ambrosia


   Skills:
 - Level 1.5 Dodging
 - Level 2.1 Stealth
 + Level 3.2 Spellcasting
 + Level 0.7 Conjurations
 - Level 0.7 Transmutations
 + Level 5.0 Earth Magic


You had 5 spell levels left.
You knew the following spells:

 Your Spells              Type           Power      Damage    Failure   Level
a - Sandblast             Erth           38%        2d10      2%          1
b - Stone Arrow           Conj/Erth      24%        3d8       16%         3

Your spell library contained the following spells:

 Spells                   Type           Power      Damage    Failure   Level
 Passwall                 Tmut/Erth      10%        N/A       8%          2
 Petrify                  Tmut/Erth      12%        N/A       45%         4


Dungeon Overview and Level Annotations

Branches:
Dungeon (3/15)

Altars:

Annotations:
D:3 Crazy Yiuf


Innate Abilities, Weirdness & Mutations

You are immune to sickness and miasma.
Your stone body is resilient. (AC +3)
You are immune to poison.
You resist negative energy. (rN+)
You are resistant to electric shocks. (rElec)
You are resistant to unholy torment.
You are immune to petrification.


Message History

Casting: Sandblast (safe; 2% risk of failure)
Confirm with . or Enter, or press ? or * to list all spells.
You can't see any susceptible monsters within range! (Use Z to cast anyway.) Unknown command.
Unknown command.
Unknown command.
Unknown command.
Unknown command.
You see here a +0 dagger.
Found a mace.
Found a runed translucent door.
Crazy Yiuf shouts!
You open the door.
Casting: Sandblast (safe; 2% risk of failure)
Confirm with . or Enter, or press ? or * to list all spells.
Aiming: Sandblast (safe; 2% risk of failure)
Press: ? - help, Shift-Dir - straight line, f - Crazy Yiuf
Aim: Crazy Yiuf, wielding a +2 quarterstaff of chaos and wearing a +0 cloak (82% to hit)
The blast of sand hits Crazy Yiuf but does no damage.
Crazy Yiuf hits you with a +2 quarterstaff of chaos.
Crazy Yiuf freezes you.
Casting: Sandblast (safe; 2% risk of failure)
Confirm with . or Enter, or press ? or * to list all spells.
Aiming: Sandblast (safe; 2% risk of failure)
Press: ? - help, Shift-Dir - straight line, f/p - Crazy Yiuf
Aim: Crazy Yiuf, wielding a +2 quarterstaff of chaos and wearing a +0 cloak (82% to hit)
The blast of sand hits Crazy Yiuf.
Crazy Yiuf is lightly wounded.
Crazy Yiuf hits you with a +2 quarterstaff of chaos!
You feel agile all of a sudden.
Unknown command.
Casting: Sandblast (safe; 2% risk of failure)
Confirm with . or Enter, or press ? or * to list all spells.
Aiming: Sandblast (safe; 2% risk of failure)
Press: ? - help, Shift-Dir - straight line, f/p - Crazy Yiuf
Aim: Crazy Yiuf, wielding a +2 quarterstaff of chaos and wearing a +0 cloak (lightly wounded, 82% to hit)
The blast of sand misses Crazy Yiuf.
Crazy Yiuf hits you with a +2 quarterstaff of chaos!
* * * LOW HITPOINT WARNING * * *
Crazy Yiuf burns you.
You die...

#.###.######.....##..###
#...........[..........#
#####.######.....###.#.#
#.# ### ###.# #.# #.#
#.# #)## #†# ### ♣♣##..#
#.# #)..#♣♣ ♣♣.#...# #.#
#...g@♣♣♣♣......# #.#
#...#♣..♣......##
######.# ### ♣♣♣.♣..#.##
#......# ♣♣♣♣♣###
#.###### #.#### #....#
####.# ######.#


You could see Crazy Yiuf.

Vanquished Creatures
  An adder (D:3)
  A gnoll (D:3)
  2 dart slugs
  5 orcs (D:3)
  6 ball pythons
  6 bats
  5 endoplasms
  3 giant cockroaches
  6 goblins
  6 hobgoblins
  A quokka (D:1)
  4 frilled lizards
  5 kobolds
  9 rats
60 creatures vanquished.

Notes
Turn   | Place    | Note
-------+----------+-------------------------------------------
     0 | D:1      | kkln the Gargoyle Earth Elementalist began the quest for
                  | the Orb.
     0 | D:1      | Reached XP level 1. HP: 10/10 MP: 3/3
   148 | D:1      | Reached XP level 2. HP: 8/15 MP: 3/5
   149 | D:1      | Reached skill level 4 in Earth Magic
   891 | D:1      | Reached XP level 3. HP: 19/19 MP: 4/7
  2755 | D:3      | Reached XP level 4. HP: 21/24 MP: 4/8
  2826 | D:3      | Learned a level 3 spell: Stone Arrow
  2919 | D:3      | Reached skill level 5 in Earth Magic
  3134 | D:3      | Found a runed translucent door.
  3135 | D:3      | Noticed Crazy Yiuf
  3141 | D:3      | Slain by Crazy Yiuf

Illustrated notes

Levels and vault maps discovered:
D:1:      giann_bridges, layout_rooms
D:2:      layout_basic
D:3:      layout_loops_ring, mainiacjoe_overflow_chevrons, minmay_misc_feat_x,
          chequers_decorated_corner, chequers_serial_rivers_small_a,
          hangedman_decor_points, uniq_crazy_yiuf_cottage

Skill      XL: |  1  2  3  4 |
---------------+-------------+-----
Earth Magic    | 4 5 |  5.0
Spellcasting   | 3 |  3.2
Dodging        | |  1.5
Stealth        | |  2.1
Conjurations   | |  0.7
Transmutations | |  0.7

Action                   |  1- 3 |  4- 6 || total
-------------------------+-------+-------++-------
Melee: Dagger            |   162 |    20 ||   182
       Unarmed           |     1 |       ||     1
 Cast: Sandblast         |    24 |    19 ||    43
  Use: Potion            |     2 |       ||     2
       Scroll            |     4 |       ||     4
 Stab: Sleeping          |     3 |     1 ||     4
Armor: Robe              |    97 |     9 ||   106
Dodge: Dodged            |   113 |    12 ||   125

Table legend: (Time is in decaauts)
 A = Elapsed time spent in this place.
 B = Non-inter-level travel time spent in this place.
 C = Inter-level travel time spent in this place.
 D = Time resting spent in this place.
 E = Time spent auto-exploring this place.
 F = Levels seen in this place.
 G = Mean time per level.
                   A        B        C        D        E       F      G
               +--------+--------+--------+--------+--------+-----+--------+
         Total |   3140 |   3102 |     38 |     74 |   2481 |   3 | 1046.7 |
       Dungeon |   3140 |   3102 |     38 |     74 |   2481 |   3 | 1046.7 |
               +--------+--------+--------+--------+--------+-----+--------+

Top non-repeatable levels by time:
     D:1: 1461 daAuts
     D:2: 1236 daAuts
     D:3: 442 daAuts
